 Dungeon Crawl Stone Soup version 0.29.1-12-g30fa7ad0bf (webtiles) character file.

Game seed: 16148572757169903414

75 Sanktem7 the Trooper (level 4, -6/41 HPs)
             Began as a Minotaur Fighter on Dec 15, 2022.
             Was an Initiate of Trog.
             Mangled by Grinder (7 damage)
             ... on level 3 of the Dungeon.
             The game lasted 00:02:28 (1368 turns).

Sanktem7 the Trooper (Minotaur Fighter)             Turns: 1368, Time: 00:02:28

Health: -6/41      AC:  8    Str: 22    XL:     4   Next: 11%
Magic:  3/3        EV:  9    Int:  5    God:    Trog [......]
Gold:   183        SH:  4    Dex: 10    Spells: 3/3 levels left

rFire   . . .      SeeInvis .   a - +0 war axe {axe}
rCold   . . .      Faith    .   c - +0 buckler
rNeg    . . .      Spirit   .   b - +0 scale mail
rPois   +          Reflect  .   (helmet restricted)
rElec   .          Harm     .   i - +0 cloak
rCorr   .          Rampage  .   (no gloves)
Will    .....                   (no boots)
Stlth   ..........              (no amulet)
HPRegen 0.13/turn               l - ring of poison resistance
MPRegen 0.08/turn               (no ring)

@: no status effects
A: horns 2, retaliatory headbutt
a: Renounce Religion


You were on level 3 of the Dungeon.
You worshipped Trog.
Trog was noncommittal.
You visited 1 branch of the dungeon, and saw 3 of its levels.

You collected 183 gold pieces.


Innate Abilities, Weirdness & Mutations

You have a pair of horns on your head.
You reflexively headbutt those who attack you in melee.


   Skills:
 * Level 4.7 Fighting
 * Level 3.9 Axes
 + Level 4.2 Armour
 - Level 3.6 Shields


You had 3 spell levels left.
You didn't know any spells.
Your spell library contained the following spells:

 Spells                   Type           Power      Damage    Failure   Level
 Necrotise                Necr           0%         1d4       87%         1
 Vampiric Draining        Necr           0%         2d6       99%         3
 Agony                    Necr           0%         N/A       100%        5

Inventory:

Hand Weapons
 a - a +0 war axe (weapon) {axe}
Missiles
 j - 19 stones (quivered) {throwing}
Armour
 b - a +0 scale mail (worn)
 c - a +0 buckler (worn)
 i - a +0 cloak (worn)
   (You found it on level 2 of the Dungeon)
Jewellery
 l - a ring of poison resistance (left hand)
   (You found it on level 1 of the Dungeon)
 o - a ring of protection from fire
   (You found it on level 2 of the Dungeon)
Scrolls
 f - 2 scrolls of blinking {unknown}
 h - a scroll of enchant weapon {unknown}
 k - 3 scrolls of identify {unknown}
 m - a scroll of acquirement {unknown}
 n - a scroll of teleportation {unknown}
Potions
 d - 2 potions of might
 e - a potion of lignification {unknown}
 g - a potion of haste {unknown}
 p - a potion of curing {unknown}

Dungeon Overview and Level Annotations

Branches:
Dungeon (3/15) Zot: 16602

Altars:
Trog

Annotations:
D:3 Grinder

.####...##
..<.<.#..#
#####....#
##.#.#######
#..........
###.####### #.#
##### #.# #...###
#.####..5@.#
#........#g...#
##########.......
....... .......
#...... #.#### ##


You could see Grinder and a goblin.


Message History

You barely miss the worm. The worm closely misses you. You furiously retaliate!
You headbutt the worm! You slash the worm!
You kill the worm!
Trog accepts your kill.
No target in view!
No target in view!
No target in view!
No target in view!
No target in view!
No target in view!
No target in view!
No target in view!
No target in view!
No target in view!
You now have 183 gold pieces (gained 15).
You see here a worm corpse.
f - 2 scrolls labelled HEWULLU AKKUM (gained 1)
j - 19 stones {throwing} (gained 5)
You open the door.
There is an open door here.
There is an open door here.
You see here a bat skeleton.
You see here a +0 hand axe {axe}.
An endoplasm comes into view.
The endoplasm quivers.
The endoplasm closely misses you.
You hit the endoplasm but do no damage. Your headbutt misses the endoplasm.
The endoplasm freezes you.
You are frozen.
The endoplasm closely misses you. 😕 HP[-4]
You take 4 damage, and now have 37/41 hp.
You slash the endoplasm!
You kill the endoplasm!
Trog accepts your kill.
No target in view!
No target in view!
No target in view!
No target in view!
No target in view!
No target in view!
No target in view!
No target in view!
No target in view!
Done exploring. 😎 HP[+4]
Your hp is fully restored (41).
Done exploring.
There is a stone staircase leading down here.
You climb downwards.
Found a potion of might.
Found a stone staircase leading up.
There is a stone staircase leading up here.
There is a stone staircase leading up here.
d - 2 potions of might (gained 1) Grinder comes into view.
She is carrying a wand of light (9).
Grinder shouts!
A goblin comes into view. It is wielding a +0 club.
A hobgoblin comes into view.
The goblin shouts!
Grinder hits you but does no damage.
You barely miss Grinder. Grinder gestures at you.
Pain shoots through your body!
You slash Grinder! You closely miss the goblin.
Grinder zaps a wand.
The bolt of light hits you!!
* * * LOW HITPOINT WARNING * * *
The goblin hits you but does no damage. 😨 HP[-29]
You take 29 damage, and now have 12/41 hp.
MASSIVE DAMAGE!! (PAUSE)
You hit Grinder. You headbutt Grinder! You miss the goblin.
You block the goblin's attack. Grinder gestures at you.
You suddenly lose the ability to move!
Grinder gestures at you. Pain shoots through your body!
* * * LOW HITPOINT WARNING * * *
The goblin completely misses you. Grinder barely misses you.
The goblin hits you but does no damage.
Grinder blinks!
The goblin hits you with a +0 club.
* * * LOW HITPOINT WARNING * * *
The goblin hits you but does no damage. Grinder barely misses you.
The goblin hits you with a +0 club.
* * * LOW HITPOINT WARNING * * *
You can move again. 😱 HP[-11]
You take 11 damage, and now have 1/41 hp.
MASSIVE DAMAGE!! (PAUSE)
You closely miss the hobgoblin. You hit the goblin. You hit Grinder.
Grinder blinks!
The goblin hits you but does no damage. The hobgoblin closely misses you.
Unknown command.
You slash the hobgoblin!
You kill the hobgoblin!
Trog accepts your kill.
You hit the goblin. The goblin hits you but does no damage.
You closely miss the goblin. The goblin hits you but does no damage.
Grinder hits you!
You die...

Skill      XL: |  1  2  3 |
---------------+----------+-----
Fighting       | 4 |  4.7
Axes           | 3 |  3.9
Armour         | 4 |  4.2
Shields        | |  3.6

Action                   |  1- 3 |  4- 6 || total
-------------------------+-------+-------++-------
Melee: War axe           |    65 |    12 ||    77
       Headbutt          |     8 |     1 ||     9
Armor: Scale mail        |    38 |     8 ||    46
Dodge: Dodged            |    32 |    10 ||    42
Block: Buckler           |    16 |     3 ||    19

Levels and vault maps discovered:
D:1:      onia_arrival_pyramid, layout_rooms,
          shapermc_ecumenical_altar_mp_highgroup
D:2:      layout_loops_ring, basic_altar, minmay_misc_feat_room, minivault_23,
          kennysheep_doodads
D:3:      layout_loops_ring, nzn_hepliaklqana_mist_gate, serial_shops, shop,
          uniq_grinder, uniq_ijyb

Notes
Turn   | Place    | Note
-------+----------+-------------------------------------------
     0 | D:1      | Sanktem7 the Minotaur Fighter began the quest for the Orb.
     0 | D:1      | Reached XP level 1. HP: 19/19 MP: 0/0
     0 | D:1      | magus.rc [v1.9.6]
   224 | D:1      | Reached XP level 2. HP: 19/27 MP: 1/1
   227 | D:1      | Reached skill level 4 in Fighting
   228 | D:1      | Reached skill level 3 in Axes
   393 | D:1      | Found a faded altar of an unknown god.
   459 | D:1      | Reached XP level 3. HP: 32/33 MP: 2/2
   512 | D:1      | Reached skill level 4 in Armour
   990 | D:2      | You pick up a book of Necromancy and begin reading...
   990 | D:2      | You add the spells Necrotise, Vampiric Draining and Agony
                  | to your library.
  1001 | D:2      | Reached XP level 4. HP: 40/41 MP: 3/3
  1049 | D:2      | Found a bloodstained altar of Trog.
  1081 | D:2      | Became a worshipper of Trog the Wrathful
  1355 | D:3      | Noticed Grinder
  1361 | D:3      | Paralysed by Grinder for 5 turns
  1361 | D:3      | HP: 7/41 [Grinder/nerve-wracking pain (5)]
  1365 | D:3      | HP: 1/41 [goblin/+0 club (4)]
  1368 | D:3      | Mangled by Grinder

Vanquished Creatures
  2 adders (D:2)
  2 worms (D:2)
  A dart slug (D:1)
  4 ball pythons
  4 endoplasms
  3 giant cockroaches (D:1)
  3 hobgoblins
  3 quokkas
  7 bats
  4 frilled lizards
  6 goblins
  3 kobolds
  4 rats
46 creatures vanquished.

Table legend:
 A = Non-vault XP
 B = Vault XP
 C = Vault XP percentage of total XP
 D = Non-vault monster count
 E = Vault monster count
 F = Vault count percentage of total count
                 A         B        C        D         E       F
            +---------+---------+-------+---------+---------+-------
      Total |     108 |       0 |   0.0 |      46 |       0 |   0.0
            +---------+---------+-------+---------+---------+-------
        D:1 |      51 |       0 |   0.0 |      30 |       0 |   0.0
        D:2 |      55 |       0 |   0.0 |      15 |       0 |   0.0
        D:3 |       2 |       0 |   0.0 |       1 |       0 |   0.0
            +---------+---------+-------+---------+---------+-------

Illustrated notes

Table legend:
 A = Kills in this place as a percentage of kills in entire the game.
 B = Kills by you in this place as a percentage of kills by you in the entire game.
 C = Kills by friends in this place as a percentage of kills by friends in the entire game.
 D = Other kills in this place as a percentage of other kills in the entire game.
 E = Experience gained in this place as a percentage of experience gained in the entire game.
 F = Experience gained in this place divided by the number of levels of this place that you have seen.
                   A       B       C       D       E      F
               +-------+-------+-------+-------+-------+----------------------
         Total | 100.0 | 100.0 |   N/A |   N/A | 100.0 |  36.0
       Dungeon | 100.0 | 100.0 |   N/A |   N/A | 100.0 |  36.0
               +-------+-------+-------+-------+-------+----------------------

Table legend: (Time is in decaauts)
 A = Elapsed time spent in this place.
 B = Non-inter-level travel time spent in this place.
 C = Inter-level travel time spent in this place.
 D = Time resting spent in this place.
 E = Time spent auto-exploring this place.
 F = Levels seen in this place.
 G = Mean time per level.
                   A        B        C        D        E       F      G
               +--------+--------+--------+--------+--------+-----+--------+
         Total |   1395 |   1349 |     46 |      0 |   1121 |   3 |  465.0 |
       Dungeon |   1395 |   1349 |     46 |      0 |   1121 |   3 |  465.0 |
               +--------+--------+--------+--------+--------+-----+--------+

Top non-repeatable levels by time:
     D:1: 694 daAuts
     D:2: 667 daAuts
     D:3: 34 daAuts
